[Event "EYCC 2017"]
[Site "Mamaia"]
[Date "2017.09.06"]
[Round "2"]
[White "Volovich, Vasily"]
[Black "Tomasi, Albert"]
[Result "1/2-1/2"]
[ECO "B22"]
[WhiteElo "2166"]
[BlackElo "2343"]
[Annotator "NA"]
[PlyCount "86"]
[EventDate "2017.??.??"]
[EventType "swiss"]
[EventCountry "ROU"]
[SourceTitle "playchess.com"]
[Source "ChessBase"]
[SourceQuality "1"]
[TimeControl "40/5400+30:1800+30"]

1. e4 c5 2. c3 e5 3. Nf3 Nc6 4. Bc4 Nf6 5. d3 Be7 6. O-O O-O 7. Bg5 h6 8. Bxf6 Bxf6 9. Nbd2 d6 10. Re1 g6 11. Nf1 Bg7 12. Ne3 Kh7 13. h4 Ne7 14. h5 g5 15. g4 Be6 16. Nd2 Qd7 17. Ndf1 b5 18. Bb3 a5 19. a4 Rfb8 20. Ng3 b4 21. Bd5 Ra6 22. c4 b3 23. Ngf5 Rab6 24. Ra3 Rb4 25. Qf3 Nc8 26. Nd1 Nb6 27. Nc3 Bf8 28. Rea1 Be7 29. Ne3 Rf8 30. Nb5 Qc8 31. Na7 Qd7 32. Nc6 Qc7 33. Nxb4 cxb4 34. Rxb3 Nd7 35. Qd1 Nc5 36. Kg2 Bd7 37. d4 exd4 38. Nf5 Nxb3 39. Qxb3 Bf6 40. Qf3 Bxf5 41. Qxf5+ Kg7 42. b3 Be5 43. Qf3 Qe7 1/2-1/2

[Event "EYCC 2017"]
[Site "Mamaia"]
[Date "2017.09.06"]
[Round "2"]
[White "Beydullayeva, Govhar"]
[Black "Vidruk, Mariia"]
[Result "1-0"]
[ECO "E15"]
[WhiteElo "2164"]
[BlackElo "1848"]
[Annotator "NA"]
[PlyCount "77"]
[EventDate "2017.??.??"]
[EventType "swiss"]
[EventCountry "ROU"]
[SourceTitle "playchess.com"]
[Source "ChessBase"]
[SourceQuality "1"]
[TimeControl "40/5400+30:1800+30"]

1. d4 Nf6 2. c4 e6 3. Nf3 b6 4. g3 Ba6 5. b3 Bb4+ 6. Bd2 Be7 7. Bg2 $11 {[%emt 0:00:40] LiveBook: 3391 Games} d5 8. Ne5 Ne4 9. Qc2 Bb7 10. cxd5 exd5 11. O-O O-O 12. Bf4 Bd6 13. Nc3 Nxc3 14. Qxc3 Re8 15. Rfe1 Qe7 16. Nd3 Nd7 17. b4 Rac8 18. Qb3 Bxf4 19. Nxf4 Nf6 20. b5 Red8 21. Bh3 Ra8 22. Qc2 a6 23. a4 Rd6 24. Rec1 c6 25. bxc6 Rxc6 26. Qb2 Rb8 27. Nd3 Ne4 28. Rxc6 Bxc6 29. Ne5 Qf6 30. f3 Ng5 31. Bd7 Ba8 32. Qb4 a5 33. Qc3 Ne6 34. Rc1 Rd8 35. Bxe6 Qxe6 36. Qc7 Re8 37. Rb1 Qh6 38. Qxf7+ Kh8 39. Qxe8# 1-0

[Event "EYCC 2017"]
[Site "Mamaia"]
[Date "2017.09.06"]
[Round "2"]
[White "Korchagina, Alena"]
[Black "Jakab, Kincso"]
[Result "1-0"]
[ECO "D30"]
[WhiteElo "2158"]
[BlackElo "1944"]
[Annotator "NA"]
[PlyCount "92"]
[EventDate "2017.??.??"]
[EventType "swiss"]
[EventCountry "ROU"]
[SourceTitle "playchess.com"]
[Source "ChessBase"]
[SourceQuality "1"]
[TimeControl "40/5400+30:1800+30"]

1. d4 d5 2. c4 e6 3. cxd5 exd5 4. Nc3 c6 5. Qc2 Bd6 6. Nf3 Ne7 7. Bg5 Bf5 8. Qxf5 Nxf5 9. Bxd8 Kxd8 10. e3 f6 11. Bd3 Ne7 12. h4 h5 13. g3 a5 14. Ne2 Na6 15. Nf4 Nc7 16. Nd2 Kd7 17. Be2 g6 18. Bd3 Rag8 19. Ke2 Ne6 20. Rae1 Bb4 21. a3 Bxd2 22. Kxd2 f5 23. Be2 Nd8 24. b4 axb4 25. axb4 Nf7 26. Ra1 Ra8 27. Nd3 Nd6 28. Ne5+ Ke6 29. f3 b5 30. Rhc1 Nc4+ 31. Nxc4 bxc4 32. Kc3 Rhg8 33. Ra5 Rxa5 34. bxa5 Ra8 35. Ra1 Ra6 36. Kb4 Kd6 37. Rb1 Ng8 38. e4 fxe4 39. fxe4 Ra8 40. e5+ Ke6 41. Ka4 Ne7 42. g4 Ra7 43. Rf1 Ng8 44. Rf8 Ne7 45. gxh5 gxh5 46. Bxh5 Ra8 1-0

[Event "EYCC 2017"]
[Site "Mamaia"]
[Date "2017.09.06"]
[Round "2"]
[White "Voloshchuk, Iliya"]
[Black "Schitco, Ivan"]
[Result "0-1"]
[ECO "A45"]
[WhiteElo "2156"]
[BlackElo "2325"]
[Annotator "NA"]
[PlyCount "74"]
[EventDate "2017.??.??"]
[EventType "swiss"]
[EventCountry "ROU"]
[SourceTitle "playchess.com"]
[Source "ChessBase"]
[SourceQuality "1"]
[TimeControl "40/5400+30:1800+30"]

1. d4 Nf6 2. Bf4 d5 3. e3 c5 4. dxc5 Nc6 5. Bb5 e6 6. b4 a5 7. c3 Bd7 8. Qb3 Ne4 9. f3 g5 10. Bxc6 bxc6 11. Be5 Nf6 12. Ne2 Bg7 13. O-O O-O 14. a4 Ne8 15. Bxg7 Nxg7 16. e4 Qc7 17. Nd2 Rab8 18. Rab1 Rb7 19. Qa3 Rfb8 20. Rfe1 h6 21. Rb3 Nh5 22. Qb2 e5 23. exd5 cxd5 24. Ra1 axb4 25. cxb4 Rxb4 26. Rxb4 Qxc5+ 27. Qd4 exd4 28. Rxb8+ Kg7 29. Nc1 d3+ 30. Kh1 Qf2 31. Ncb3 Nf4 32. Rg1 Bxa4 33. g3 Bxb3 34. gxf4 Qxd2 35. Rxb3 Qe2 36. Rbb1 Qxf3+ 37. Rg2 d2 0-1

[Event "EYCC 2017"]
[Site "Mamaia"]
[Date "2017.09.06"]
[Round "2"]
[White "Juksta, Karolis"]
[Black "Kucuksari, Kaan"]
[Result "0-1"]
[ECO "A80"]
[WhiteElo "2147"]
[BlackElo "2319"]
[Annotator "NA"]
[PlyCount "60"]
[EventDate "2017.??.??"]
[EventType "swiss"]
[EventCountry "ROU"]
[SourceTitle "playchess.com"]
[Source "ChessBase"]
[SourceQuality "1"]
[TimeControl "40/5400+30:1800+30"]

1. d4 f5 2. Nc3 d5 3. Bf4 Nf6 4. Nb5 Na6 5. c4 dxc4 6. a4 $11 Nd5 7. Bd2 e6 8. e3 c6 9. Na3 Bxa3 10. Rxa3 b5 11. axb5 cxb5 12. Qa1 Nab4 13. Bxb4 Nxb4 14. Rc3 Bb7 15. Nh3 Be4 16. Qd1 Qa5 17. f3 Bd3 18. Kf2 e5 19. Bxd3 Nxd3+ 20. Rxd3 cxd3 21. Qxd3 O-O 22. Rd1 exd4 23. exd4 Qb4 24. Rd2 Rac8 25. Nf4 Qc4 26. Qb1 Rcd8 27. Qd1 Rf7 28. g3 Rfd7 29. b3 Rxd4 30. Rxd4 Qxd4+ 0-1

[Event "EYCC 2017"]
[Site "Mamaia"]
[Date "2017.09.06"]
[Round "2"]
[White "Remizov, Yaroslav"]
[Black "Stefansson, Vignir Vatnar"]
[Result "1/2-1/2"]
[ECO "C18"]
[WhiteElo "2146"]
[BlackElo "2312"]
[Annotator "NA"]
[PlyCount "107"]
[EventDate "2017.??.??"]
[EventType "swiss"]
[EventCountry "ROU"]
[SourceTitle "playchess.com"]
[Source "ChessBase"]
[SourceQuality "1"]
[TimeControl "40/5400+30:1800+30"]

1. e4 e6 2. d4 d5 3. Nc3 Bb4 4. e5 c5 5. a3 Bxc3+ 6. bxc3 Qa5 7. Bd2 Qa4 8. Qg4 Kf8 9. Kd1 Ne7 10. Nf3 h6 11. h4 b6 12. h5 Ba6 13. Bxa6 Nxa6 14. Rh3 Rc8 15. Nh4 Rg8 16. Rf3 Ke8 17. Qf4 Kd7 18. dxc5 Nxc5 19. Qxa4+ Nxa4 20. Rxf7 Ke8 21. Rf4 Nb2+ 22. Ke2 Nc4 23. a4 Kd7 24. Nf3 Rcf8 25. Be3 Nc6 26. Rxf8 Rxf8 27. Bd4 Rf5 28. g4 Rf4 29. Rg1 Re4+ 30. Kd1 Nb2+ 31. Kd2 Nc4+ 32. Kd1 Nb2+ 33. Kc1 Nxa4 34. g5 Nxd4 35. cxd4 Rf4 36. gxh6 gxh6 37. Rg7+ Kc6 38. Ne1 Rxd4 39. Rg6 Nc5 40. Rxh6 Rf4 41. Nd3 Nxd3+ 42. cxd3 Kd7 43. Rf6 Rh4 44. h6 Ke7 45. Kd2 a5 46. Kc3 b5 47. f4 b4+ 48. Kb3 Rh3 49. f5 exf5 50. Ka4 f4 51. Kxa5 b3 52. Rxf4 Ke6 53. Rb4 Rxd3 54. Ka4 1/2-1/2

[Event "EYCC 2017"]
[Site "Mamaia"]
[Date "2017.09.06"]
[Round "2"]
[White "Popov, Konstantin"]
[Black "Laux, Dominik"]
[Result "1/2-1/2"]
[ECO "B06"]
[WhiteElo "2141"]
[BlackElo "1874"]
[Annotator "NA"]
[PlyCount "85"]
[EventDate "2017.??.??"]
[EventType "swiss"]
[EventCountry "ROU"]
[SourceTitle "playchess.com"]
[Source "ChessBase"]
[SourceQuality "1"]
[TimeControl "40/5400+30:1800+30"]

1. e4 g6 2. d4 Bg7 3. Nc3 c6 4. g3 d5 5. exd5 cxd5 6. Bg2 e6 7. Nce2 Nc6 8. c3 Nge7 9. Nf3 b6 10. O-O O-O 11. Bf4 f6 12. Qd2 Ba6 13. Rfe1 e5 14. dxe5 fxe5 15. Be3 Qd6 16. Ng5 Rad8 17. f4 e4 18. Nd4 Nxd4 19. Bxd4 Bxd4+ 20. Qxd4 Nf5 21. Qd1 Bd3 22. Ne6 Qxe6 23. Qxd3 Qc6 24. Qd2 Rd6 25. Rad1 Rfd8 26. Qe2 b5 27. Qf2 a6 28. g4 Ng7 29. h3 Rf8 30. Qe3 Ne6 31. Rf1 Nc5 32. Rd2 Nd3 33. Kh1 Rdf6 34. Rxd3 exd3 35. Qxd3 Rd6 36. f5 Qc4 37. Qg3 Rdd8 38. Qe5 d4 39. cxd4 Qxd4 40. Qe6+ Kh8 41. Qxa6 gxf5 42. Qxb5 fxg4 43. Rxf8+ 1/2-1/2

[Event "EYCC 2017"]
[Site "Mamaia"]
[Date "2017.09.06"]
[Round "2"]
[White "Shafigullina, Zarina"]
[Black "Coman, Emilia-Florentina"]
[Result "1-0"]
[ECO "A40"]
[WhiteElo "2130"]
[BlackElo "1821"]
[Annotator "NA"]
[PlyCount "47"]
[EventDate "2017.??.??"]
[EventType "swiss"]
[EventCountry "ROU"]
[SourceTitle "playchess.com"]
[Source "ChessBase"]
[SourceQuality "1"]
[TimeControl "40/5400+30:1800+30"]

1. d4 e6 2. Nf3 Nf6 3. g3 b5 4. Qd3 Ba6 5. c3 b4 6. c4 d5 7. b3 c5 8. Bg2 Nbd7 9. a3 Qb6 10. axb4 cxb4 11. Nbd2 Rc8 12. O-O Be7 13. Re1 O-O 14. c5 Bxd3 15. cxb6 Bb5 16. bxa7 Ra8 17. e4 dxe4 18. Ne5 Nd5 19. Nxd7 Bxd7 20. Bxe4 Bf6 21. Bb2 Rfc8 22. Nc4 Rc7 23. Bxd5 exd5 24. Nb6 1-0

[Event "EYCC 2017"]
[Site "Mamaia"]
[Date "2017.09.06"]
[Round "2"]
[White "Dolgun, Can"]
[Black "Biletskiy, Danylo"]
[Result "0-1"]
[ECO "B31"]
[WhiteElo "2128"]
[BlackElo "1866"]
[Annotator "NA"]
[PlyCount "134"]
[EventDate "2017.??.??"]
[EventType "swiss"]
[EventCountry "ROU"]
[SourceTitle "playchess.com"]
[Source "ChessBase"]
[SourceQuality "1"]
[TimeControl "40/5400+30:1800+30"]

1. e4 c5 2. Nf3 Nc6 3. Bb5 g6 4. Bxc6 bxc6 5. O-O Bg7 6. Re1 Nf6 7. c3 O-O 8. d4 cxd4 9. cxd4 d6 10. Nc3 Bg4 11. h3 Bxf3 12. Qxf3 Nd7 13. d5 c5 14. Qe2 Rb8 15. Bg5 h6 16. Be3 Qa5 17. Rec1 Rb4 18. Qd2 Kh7 19. Nd1 Qb6 20. Rab1 Rb8 21. f3 Qa6 22. Nc3 Bxc3 23. Qxc3 Qxa2 24. Ra1 Qxb2 25. Rxa7 Qxc3 26. Rxc3 R4b7 27. Rxb7 Rxb7 28. Kf2 Rb2+ 29. Kg3 Nb6 30. Bc1 Rb4 31. Ra3 Nc4 32. Rc3 e6 33. dxe6 fxe6 34. Rd3 Rb1 35. Bf4 e5 36. Be3 Nxe3 37. Rxe3 Kg7 38. Rd3 Rb6 39. Kg4 Kf6 40. h4 h5+ 41. Kg3 c4 42. Ra3 Rc6 43. Rc3 Ke6 44. Kf2 d5 45. exd5+ Kxd5 46. Ke3 Rb6 47. Rc2 Rb3+ 48. Ke2 Kc5 49. Ra2 Kb4 50. g3 c3 51. Ra6 c2 52. Kd2 Rxf3 53. Rxg6 Rf2+ 54. Kc1 Kc3 55. Rc6+ Kd3 56. Rd6+ Ke3 57. Rh6 Rg2 58. Re6 e4 59. Re5 Kf3 60. Rxh5 e3 61. Rf5+ Kxg3 62. Rf1 e2 63. Re1 Kf2 64. Kd2 c1=Q+ 65. Rxc1 Rg8 66. Kd3 e1=Q 67. Rxe1 Kxe1 0-1

[Event "EYCC 2017"]
[Site "Mamaia"]
[Date "2017.09.06"]
[Round "2"]
[White "Aciu, Malina-Andreea"]
[Black "Kostecka, Marika"]
[Result "0-1"]
[ECO "B90"]
[WhiteElo "2058"]
[BlackElo "1811"]
[Annotator "NA"]
[PlyCount "92"]
[EventDate "2017.??.??"]
[EventType "swiss"]
[EventCountry "ROU"]
[SourceTitle "playchess.com"]
[Source "ChessBase"]
[SourceQuality "1"]
[TimeControl "40/5400+30:1800+30"]

1. e4 c5 2. Nf3 d6 3. d4 cxd4 4. Nxd4 Nf6 5. Nc3 a6 6. Qf3 g6 7. h3 Bg7 8. Bg5 Nbd7 9. O-O-O Qc7 10. Qe3 h6 11. Bh4 b5 12. f4 Bb7 13. Bd3 b4 14. Nce2 Nc5 15. Ng3 Rc8 16. Kb1 Nxd3 17. cxd3 Nd7 18. Rc1 Qb6 19. Rxc8+ Bxc8 20. Rc1 Bb7 21. Nge2 a5 22. g4 a4 23. Nc2 b3 24. Qxb6 bxc2+ 25. Rxc2 Nxb6 26. Rc7 Ba6 27. Rxe7+ Kf8 28. Kc2 g5 29. Ra7 Bxd3+ 30. Kxd3 gxh4 31. Ra6 Nd7 32. Rxd6 Ke7 33. Rc6 Rb8 34. e5 Rxb2 35. Nd4 Kd8 36. Rc4 Rxa2 37. Nc6+ Ke8 38. Nb4 Ra3+ 39. Ke4 Kd8 40. Nc6+ Kc7 41. Nd4+ Kb6 42. Rb4+ Ka6 43. Kd5 Bf8 44. Rb1 Nb6+ 45. Ke4 Rxh3 46. Nc6 Rb3 0-1

[Event "EYCC 2017"]
[Site "Mamaia"]
[Date "2017.09.06"]
[Round "2"]
[White "Berdnyk, Mariia"]
[Black "Slaba, Andrea"]
[Result "1-0"]
[ECO "C11"]
[WhiteElo "2055"]
[BlackElo "1840"]
[Annotator "NA"]
[PlyCount "77"]
[EventDate "2017.??.??"]
[EventType "swiss"]
[EventCountry "ROU"]
[SourceTitle "playchess.com"]
[Source "ChessBase"]
[SourceQuality "1"]
[TimeControl "40/5400+30:1800+30"]

1. e4 e6 2. d4 d5 3. Nc3 Nf6 4. Bg5 dxe4 5. Nxe4 Nbd7 6. Nf3 Be7 7. Nxf6+ Nxf6 8. Bd3 h6 9. Bf4 $11 O-O 10. Qe2 b6 11. O-O-O Bb7 12. Ne5 Qd5 13. Kb1 Rac8 14. Rhg1 Nh7 15. f3 Qd8 16. g4 Bg5 17. Bg3 Bh4 18. Bxh4 Qxh4 19. f4 g5 20. Nd7 Rfd8 21. Bxh7+ Kxh7 22. Nf6+ Kg6 23. Qe5 gxf4 24. g5 hxg5 25. Rg4 Rd5 26. Qe4+ Kxf6 27. Rxh4 gxh4 28. c4 Rf5 29. Qxb7 Rg8 30. Qf3 Rgg5 31. Rf1 Rg8 32. Qe4 Rg4 33. h3 Rg3 34. Rxf4 Rxh3 35. Rxh4 Rhf3 36. a3 Rf1+ 37. Ka2 Rc1 38. Rh6+ Kg7 39. Qh4 1-0

[Event "EYCC 2017"]
[Site "Mamaia"]
[Date "2017.09.06"]
[Round "2"]
[White "Sucikova, Svetlana"]
[Black "Bulgurcu, Feyza Nur"]
[Result "1-0"]
[ECO "A20"]
[WhiteElo "2055"]
[BlackElo "1494"]
[Annotator "NA"]
[PlyCount "65"]
[EventDate "2017.??.??"]
[EventType "swiss"]
[EventCountry "ROU"]
[SourceTitle "playchess.com"]
[Source "ChessBase"]
[SourceQuality "1"]
[TimeControl "40/5400+30:1800+30"]

1. c4 e5 2. g3 Nf6 3. Bg2 c6 4. d4 e4 5. Nc3 d5 6. cxd5 cxd5 7. Bg5 Bb4 8. Qb3 Nc6 9. e3 Be6 10. Nge2 h6 11. Bxf6 gxf6 12. a3 Bxc3+ 13. Qxc3 Rc8 14. O-O Qb6 15. b4 a5 16. Qc5 Qd8 17. Rfc1 axb4 18. axb4 Qe7 19. Nf4 O-O 20. Nxd5 Bxd5 21. Qxd5 Nxb4 22. Qxe4 Qxe4 23. Bxe4 Rxc1+ 24. Rxc1 Na2 25. Rc2 Re8 26. Bxb7 Nb4 27. Rb2 Nd3 28. Rb1 Rb8 29. Kf1 Kf8 30. Ke2 Nxf2 31. Kxf2 f5 32. Be4 Rxb1 33. Bxb1 1-0

[Event "EYCC 2017"]
[Site "Mamaia"]
[Date "2017.09.06"]
[Round "2"]
[White "Ilyuchyk, Yana"]
[Black "Garcia Martin, Marta"]
[Result "0-1"]
[ECO "C45"]
[WhiteElo "2036"]
[BlackElo "2360"]
[Annotator "NA"]
[PlyCount "124"]
[EventDate "2017.??.??"]
[EventType "swiss"]
[EventCountry "ROU"]
[SourceTitle "playchess.com"]
[Source "ChessBase"]
[SourceQuality "1"]
[TimeControl "40/5400+30:1800+30"]

1. e4 e5 2. Nf3 Nc6 3. d4 exd4 4. Nxd4 Nf6 5. Nxc6 bxc6 6. e5 Nd5 7. c4 Nb6 8. Bd3 Qh4 $16 (8... g6 $11 {keeps the balance.}) 9. O-O Bb7 10. Nc3 Be7 11. Ne4 c5 12. Re1 O-O-O 13. Ng3 g6 14. Be4 Ba6 15. b3 d6 16. exd6 Bf6 17. Bf5+ gxf5 18. Nxf5 Rxd6 19. Nxd6+ cxd6 20. Qxd6 Rd8 21. Qc6+ Kb8 22. g3 Bb7 23. gxh4 Bxc6 24. Bf4+ Kb7 25. Rad1 Rg8+ 26. Bg3 Nc8 27. Kf1 Bc3 28. Re3 Bd4 29. Red3 Rg4 30. f3 Rg6 31. Kg2 Re6 32. R1d2 Ne7 33. Bf2 Nf5 34. Bxd4 cxd4 35. Kf2 Rh6 36. Rxd4 Nxd4 37. Rxd4 Rf6 38. Rd3 Kb6 39. a3 Kc5 40. Kg3 Rg6+ 41. Kf4 Rg2 42. Re3 Rb2 43. Kg5 Kd4 44. Re7 Rxb3 45. Rc7 Bxf3 46. Rxa7 Rb7 47. Ra6 Be4 48. Rf6 Kxc4 49. h5 Kd4 50. a4 Ke5 51. a5 Ra7 52. h4 Rxa5 53. Rxf7 Ke6+ 54. Kh6 Rxh5+ 55. Kg7 Rxh4 56. Ra7 Ke5 57. Ra1 Kf4 58. Rf1+ Bf3 59. Ra1 h5 60. Kh6 Rg4 61. Rf1 h4 62. Ra1 h3 0-1

[Event "EYCC 2017"]
[Site "Mamaia"]
[Date "2017.09.06"]
[Round "2"]
[White "Hercog, Nusa"]
[Black "Hajiyeva, Laman"]
[Result "0-1"]
[ECO "D43"]
[WhiteElo "2034"]
[BlackElo "1818"]
[Annotator "NA"]
[PlyCount "76"]
[EventDate "2017.??.??"]
[EventType "swiss"]
[EventCountry "ROU"]
[SourceTitle "playchess.com"]
[Source "ChessBase"]
[SourceQuality "1"]
[TimeControl "40/5400+30:1800+30"]

1. d4 d5 2. c4 c6 3. Nf3 Nf6 4. Nc3 e6 5. cxd5 cxd5 6. Bg5 Bd6 7. e3 O-O 8. Bd3 Nbd7 9. Qc2 h6 10. Bh4 a6 11. a4 b6 12. O-O Bb7 13. Rac1 Rc8 14. Qe2 Qe7 15. Bxa6 Bxa6 16. Qxa6 Rc4 17. Qb5 g5 18. Bg3 Rfc8 19. Qb3 Bxg3 20. hxg3 Ne4 21. Rfd1 g4 22. Nd2 Nxd2 23. Rxd2 h5 24. Re1 f5 25. Ne2 h4 26. Nf4 hxg3 27. fxg3 Nf6 28. Qxb6 Ne4 29. Rdd1 R4c6 30. Qb3 Nxg3 31. Ne2 Ne4 32. Nc3 g3 33. Kf1 Qh4 34. Ke2 Nxc3+ 35. bxc3 Rxc3 36. Qb6 Qh5+ 37. Kf1 Qh1+ 38. Ke2 Qxg2# 0-1

[Event "EYCC 2017"]
[Site "Mamaia"]
[Date "2017.09.06"]
[Round "2"]
[White "Rogozenco, Teodora"]
[Black "Kanakova, Natalie"]
[Result "1-0"]
[ECO "E34"]
[WhiteElo "2024"]
[BlackElo "2186"]
[Annotator "NA"]
[PlyCount "83"]
[EventDate "2017.??.??"]
[EventType "swiss"]
[EventCountry "ROU"]
[SourceTitle "playchess.com"]
[Source "ChessBase"]
[SourceQuality "1"]
[TimeControl "40/5400+30:1800+30"]

1. d4 Nf6 2. c4 e6 3. Nc3 Bb4 4. Qc2 d5 5. cxd5 Qxd5 6. a3 Bxc3+ 7. bxc3 c5 8. e3 O-O 9. Nf3 b6 10. c4 Qc6 11. Bd3 cxd4 12. exd4 Bb7 13. O-O Qc7 14. Qe2 Nc6 15. Bg5 Qe7 16. Rfe1 Rfe8 17. Rad1 Rad8 18. Bb1 h6 19. Bh4 g5 20. Bg3 g4 21. Bh4 gxf3 22. Qxf3 Nxd4 23. Qxf6 Ne2+ 24. Kf1 Qxf6 25. Bxf6 Rxd1 26. Rxd1 Nf4 27. f3 Ba6 28. Rd4 Nd5 29. Be5 Ne3+ 30. Kf2 Nxc4 31. Bf6 Rc8 32. Bd3 b5 33. Rd7 Rb8 34. Rxa7 Bc8 35. a4 Nb6 36. axb5 Nd7 37. Bd4 Kf8 38. Be4 e5 39. Bc3 Ke8 40. Bc6 Kd8 41. Ba5+ Ke7 42. Bc7 1-0

[Event "EYCC 2017"]
[Site "Mamaia"]
[Date "2017.09.06"]
[Round "2"]
[White "Miroshnik, Ekaterina"]
[Black "Kvendseth, Thyra"]
[Result "1/2-1/2"]
[ECO "E68"]
[WhiteElo "2006"]
[BlackElo "1810"]
[Annotator "NA"]
[PlyCount "198"]
[EventDate "2017.??.??"]
[EventType "swiss"]
[EventCountry "ROU"]
[SourceTitle "playchess.com"]
[Source "ChessBase"]
[SourceQuality "1"]
[TimeControl "40/5400+30:1800+30"]

1. d4 Nf6 2. c4 g6 3. Nf3 Bg7 4. g3 O-O 5. Bg2 d6 6. O-O Nbd7 7. Nc3 e5 8. e4 Re8 9. Re1 exd4 10. Nxd4 c6 11. h3 Nc5 12. b3 Qc7 13. Bb2 Bd7 14. Qd2 Rad8 15. Rad1 Bc8 16. Qc2 a6 17. Kh2 Re7 18. f4 Rde8 19. b4 Ne6 20. Nf3 Nf8 21. Nd2 Nh5 22. Na4 Nf6 23. c5 dxc5 24. Be5 Rxe5 25. fxe5 Rxe5 26. Nxc5 Rg5 27. e5 Nh5 28. Nf3 Rxg3 29. Ne4 Bf5 30. Qd2 Bxe4 31. Rxe4 Ne6 32. Qe1 Ng5 33. Re3 Nxf3+ 34. Bxf3 Bxe5 35. Rxe5 Rxf3 36. Kg1 Rg3+ 37. Kf1 Rxh3 38. Kg1 Qb6+ 39. Rc5 Rg3+ 40. Kf1 Qc7 41. Qe8+ Kg7 42. Qe5+ Qxe5 43. Rxe5 Kf6 44. Re8 Ra3 45. Rd2 a5 46. Rf2+ Kg7 47. bxa5 Rxa5 48. Re7 Ng3+ 49. Kg2 Nf5 50. Rxb7 Ne3+ 51. Kh1 Nf5 52. Kg2 h5 53. Rc7 c5 54. Kh2 Nd6 55. Rc2 Ne4 56. Re2 Ra4 57. Re7 Nc3 58. Rf2 Rxa2 59. Rexf7+ Kg8 60. Rf8+ Kg7 61. R8f7+ Kh6 62. Rxa2 Nxa2 63. Rc7 Nc3 64. Rxc5 Ne4 65. Ra5 Nd6 66. Kh3 Nf5 67. Rb5 Ne7 68. Rb6 Kg7 69. Kh4 Kh6 70. Kh3 Kg5 71. Rb5+ Nf5 72. Ra5 h4 73. Rb5 Kf4 74. Rb4+ Kf3 75. Rg4 Ne7 76. Kxh4 Ke3 77. Ra4 Nc6 78. Kg5 Ne7 79. Kf6 Nf5 80. Kxg6 Nd4 81. Kg5 Ke4 82. Kg4 Ke5 83. Ra5+ Ke4 84. Ra8 Nc6 85. Kg3 Ne5 86. Ra4+ Kd5 87. Kf4 Nc6 88. Ke3 Ke5 89. Rc4 Kd5 90. Ra4 Ke5 91. Rh4 Kd5 92. Rh5+ Kd6 93. Ke4 Ne7 94. Rg5 Ke6 95. Ra5 Kd6 96. Re5 Nc6 97. Rh5 Ne7 98. Rh6+ Kc5 99. Re6 Nc6 1/2-1/2

[Event "EYCC 2017"]
[Site "Mamaia"]
[Date "2017.09.06"]
[Round "2"]
[White "Pingin, Artem"]
[Black "Filip, Andrei"]
[Result "0-1"]
[ECO "C11"]
[WhiteElo "1996"]
[BlackElo "1612"]
[Annotator "NA"]
[PlyCount "40"]
[EventDate "2017.??.??"]
[EventType "swiss"]
[EventCountry "ROU"]
[SourceTitle "playchess.com"]
[Source "ChessBase"]
[SourceQuality "1"]
[TimeControl "40/5400+30:1800+30"]

1. e4 e6 2. d4 d5 3. Nc3 Nf6 4. e5 Nfd7 5. Qg4 c5 6. Nf3 Nc6 7. Bf4 a6 8. O-O-O b5 9. dxc5 Nxc5 10. Be3 b4 11. Bxc5 bxc3 12. Bd6 cxb2+ 13. Kb1 Qa5 14. Nd4 Qa4 15. Be2 h5 16. Qh4 g5 17. Qxg5 Nxd4 18. Bd3 Nb5 19. Bxb5+ axb5 20. Rd3 Qxa2# 0-1

[Event "EYCC 2017"]
[Site "Mamaia"]
[Date "2017.09.06"]
[Round "2"]
[White "Mekhane, Adam"]
[Black "Milanovic, Marko"]
[Result "0-1"]
[ECO "C99"]
[WhiteElo "1974"]
[BlackElo "1594"]
[Annotator "NA"]
[PlyCount "118"]
[EventDate "2017.??.??"]
[EventType "swiss"]
[EventCountry "ROU"]
[SourceTitle "playchess.com"]
[Source "ChessBase"]
[SourceQuality "1"]
[TimeControl "40/5400+30:1800+30"]

1. e4 e5 2. Nf3 Nc6 3. Bb5 a6 4. Ba4 Nf6 5. O-O Be7 6. Re1 b5 7. Bb3 O-O 8. c3 d6 9. h3 Na5 10. Bc2 c5 11. d4 Qc7 12. Nbd2 cxd4 13. cxd4 Nc6 14. d5 Nb4 15. Bb1 a5 16. Nf1 Bd7 17. a3 Na6 18. Ng3 Nc5 19. Be3 Rfc8 20. Bxc5 Qxc5 21. Qd2 Qb6 22. Bd3 Rc7 23. h4 Rac8 24. h5 Bg4 25. h6 Bxf3 26. gxf3 g6 27. f4 Ng4 28. Rad1 Bf8 29. Qe2 Nf6 30. fxe5 dxe5 31. Qd2 Ng4 32. Qe2 Nxf2 33. Kg2 Nxd1 34. Rxd1 Rc1 35. Qe1 Bxh6 36. Ne2 Rxd1 37. Qxd1 Qe3 38. d6 Rd8 39. Bxb5 Qxe4+ 40. Kg3 Qe3+ 41. Kg2 Qe4+ 42. Kg3 Bf4+ 43. Nxf4 exf4+ 44. Kf2 Qe3+ 45. Kf1 f3 46. d7 f2 47. Qc2 Qe1+ 48. Kg2 Qg1+ 49. Kf3 f1=Q+ 50. Bxf1 Qxf1+ 51. Ke3 Qe1+ 52. Kf3 Qe5 53. Qc6 Qf5+ 54. Kg2 Qxd7 55. Qb6 Qd5+ 56. Kh3 Qf3+ 57. Kh4 g5+ 58. Kxg5 Rd5+ 59. Kh6 Qh5# 0-1

[Event "EYCC 2017"]
[Site "Mamaia"]
[Date "2017.09.06"]
[Round "2"]
[White "Garifullina, Leya"]
[Black "Aubert, Estee"]
[Result "1-0"]
[ECO "B40"]
[WhiteElo "1970"]
[BlackElo "1800"]
[Annotator "NA"]
[PlyCount "97"]
[EventDate "2017.??.??"]
[EventType "swiss"]
[EventCountry "ROU"]
[SourceTitle "playchess.com"]
[Source "ChessBase"]
[SourceQuality "1"]
[TimeControl "40/5400+30:1800+30"]

1. e4 c5 2. Nf3 e6 3. d4 cxd4 4. Nxd4 Nf6 5. Nc3 Nc6 6. Nxc6 bxc6 7. e5 Nd5 $11 8. Ne4 Qc7 9. f4 Qb6 10. c4 Bb4+ 11. Ke2 Ba6 12. Kf3 f5 13. exf6 Nxf6 14. c5 Qa5 15. Nxf6+ gxf6 16. Bxa6 Qxa6 17. Qd4 Qb5 18. Be3 Rf8 19. Rhd1 O-O-O 20. a3 Ba5 21. b4 Bc7 22. a4 Qb7 23. Qc4 e5 24. f5 Rde8 25. Qe4 Re7 26. b5 Bb8 27. Ra2 Rg8 28. Rad2 h5 29. Rxd7 Rxd7 30. bxc6 Rxd1 31. cxb7+ Kc7 32. Qc4 Rf8 33. Bh6 Rfd8 34. Qf7+ R8d7 35. Qxf6 R1d3+ 36. Ke2 R3d5 37. Be3 Rd8 38. Qf7+ R8d7 39. Qe6 Rd8 40. f6 Kxb7 41. f7 Bc7 42. Qe7 R5d7 43. f8=Q Rxf8 44. Qxd7 Rd8 45. Qb5+ Kc8 46. c6 Bb6 47. Bxb6 axb6 48. Qxb6 Rd4 49. Qb7+ 1-0

[Event "EYCC 2017"]
[Site "Mamaia"]
[Date "2017.09.06"]
[Round "2"]
[White "Ziegenfuss, Antonia"]
[Black "Obada, Ema"]
[Result "1/2-1/2"]
[ECO "E22"]
[WhiteElo "1956"]
[BlackElo "1708"]
[Annotator "NA"]
[PlyCount "80"]
[EventDate "2017.??.??"]
[EventType "swiss"]
[EventCountry "ROU"]
[SourceTitle "playchess.com"]
[Source "ChessBase"]
[SourceQuality "1"]
[TimeControl "40/5400+30:1800+30"]

1. d4 Nf6 2. c4 e6 3. Nc3 Bb4 4. Qb3 Bxc3+ 5. Qxc3 d6 6. e3 Nc6 7. Bd3 e5 8. d5 Ne7 9. Ne2 O-O 10. O-O Nh5 11. f4 exf4 12. Nxf4 Nxf4 13. exf4 Bf5 14. Be2 Re8 15. Bf3 Qd7 16. h3 Ng6 17. g4 Be4 18. f5 Nf8 19. f6 Ng6 20. Be3 h5 21. Qd4 Bxf3 22. Rxf3 Re5 23. Raf1 Rae8 24. fxg7 Re4 25. Qc3 Ne5 26. Rf4 Rxf4 27. Rxf4 hxg4 28. hxg4 Nxg4 29. Bd4 Ne5 30. Rh4 Qe7 31. Rh3 Qg5+ 32. Rg3 Qh5 33. Rh3 Qg4+ 34. Rg3 Nf3+ 35. Qxf3 Qxd4+ 36. Kg2 Qd2+ 37. Kh3 Qh6+ 38. Kg2 Qd2+ 39. Kh3 Qh6+ 40. Kg2 Qd2+ 1/2-1/2